 Dungeon Crawl Stone Soup version 0.23.2-1-ga50397a6bc (webtiles) character file.

Game seed: 2920212683293269079

686 Revguard the Chopper (level 7, 0/52 HPs)
             Began as a Demonspawn Gladiator on Apr 18, 2019.
             Was an Initiate of Ru.
             Slain by a sky beast (4 damage)
             ... on level 5 of the Dungeon.
             The game lasted 00:09:34 (3319 turns).

Revguard the Chopper (Demonspawn Gladiator)         Turns: 3319, Time: 00:09:35

Health: 0/52       AC: 10    Str: 16    XL:     7   Next: 35%
Magic:  0/7        EV: 13    Int:  9    God:    Ru [......]
Gold:   101        SH:  0    Dex: 15    Spells: 6/6 levels left

rFire    . . .     SeeInvis .   a - +0 war axe
rCold    . . .     Gourm    .   (no shield)
rNeg     . . .     Faith    .   h - +0 ring mail
rPois    +         Spirit   +   c - +0 helmet
rElec    .         Reflect  .   n - scarf {Spirit}
rCorr    .         Harm     .   (no gloves)
MR       .....                  g - +0 pair of boots
Stlth    +.........             (no amulet)
HPRegen  0.17/turn              e - ring of poison resistance
MPRegen  0.10/turn              (no ring)

@: flying
A: hooves 1, icy blue scales 2, foul stench 1, high mp 1, powered by pain 1,
wild magic 1, rot immunity, MP-powered wands
a: Renounce Religion


You were on level 5 of the Dungeon.
You worshipped Ru.
Ru was noncommittal.
You were very hungry.

You visited 1 branch of the dungeon, and saw 4 of its levels.

You collected 101 gold pieces.

Inventory:

Hand Weapons
 a - a +0 war axe (weapon)
Missiles
 d - 3 throwing nets (quivered)
Armour
 c - a +0 helmet (worn)
 g - a +0 pair of boots (worn)
 h - a +0 ring mail (worn)
 m - a +2 ring mail of fire resistance
 n - a scarf of spirit shield (worn)
Jewellery
 e - a ring of poison resistance (left hand)
Scrolls
 i - a scroll of remove curse {unknown}
 j - 2 scrolls of identify {unknown}
 k - a scroll of fear {unknown}
Comestibles
 b - 3 chunks of flesh
 f - 8 rations


   Skills:
 + Level 3.2 Fighting
 + Level 5.9 Axes
 - Level 1.7 Throwing
 + Level 3.0 Armour
 + Level 4.1 Dodging


You had 6 spell levels left.
You didn't know any spells.
Your spell library was empty.

Dungeon Overview and Level Annotations

Branches:
Dungeon (5/15)
 Temple: D:4-7

Altars:
Kikubaaqudgha
Ru
Trog
Xom
Yredelemnul
The Shining One


Innate Abilities, Weirdness & Mutations

You have large cloven feet.
You are mostly covered in icy blue scales. (AC +3)
You may emit foul miasma when damaged in melee.
You sometimes gain a little power by taking damage.
You are immune to rotting.
You have an increased reservoir of magic. (+10% MP)
Your spells are a little harder to cast, but a little more powerful.
You expend magic power (3 MP) to strengthen your wands.


Message History

The sky beast hits you. The sky beast shocks you.
* * * LOW HITPOINT WARNING * * *
The sky beast closely misses you.
You closely miss the sky beast.
The sky beast is lightly wounded.
The sky beast hits you but does no damage.
You slash the sky beast!
The sky beast is heavily wounded.
The sky beast flickers out of sight!
Deactivating autopickup; reactivate with Ctrl-A.
Something hits you but does no damage.
You closely miss something.
A sky beast appears from thin air!
Reactivating autopickup.
The sky beast hits you but does no damage.
You hit the sky beast.
The sky beast is severely wounded.
The sky beast hits you.
* * * LOW HITPOINT WARNING * * *
The sky beast shocks you.
You die...

#....#..≈≈
#....#.≈≈
#....#≈≈#
##..##≈≈# ≈
##.)##≈≈###≈≈
#†)÷..≈≈≈≈≈≈≈
#)))..≈≈≈≈≈≈≈
#.<.Y≈≈≈###
##..@.≈≈+ #
####.≈≈###≈≈#
#..≈≈≈≈≈≈≈
##..≈≈≈≈≈≈
#########


You could see a sky beast.

Vanquished Creatures
  2 sky beasts
  2 ogres (D:4)
  3 orc priests
  A hound (D:4)
  An orc wizard (D:4)
  A worker ant (D:4)
  3 gnolls (D:2)
  4 adders
  A worm (D:4)
  3 leopard geckos (D:4)
  13 orcs
  5 ball pythons
  A bat zombie (D:4)
  3 giant cockroaches
  8 goblins
  7 hobgoblins
  4 jackals
  3 quokkas (D:2)
  4 bats (D:1)
  3 frilled lizards
  6 kobolds
  A quokka skeleton (D:4)
  7 rats
  2 rat zombies (D:4)
88 creatures vanquished.

Notes
Turn   | Place    | Note
-------+----------+-------------------------------------------
     0 | D:1      | Revguard the Demonspawn Gladiator began the quest for the
                  | Orb.
     0 | D:1      | Reached XP level 1. HP: 16/16 MP: 1/1
   368 | D:1      | Gained mutation: You are partially covered in icy blue
                  | scales. (AC +2) [demonic ancestry]
   368 | D:1      | Reached XP level 2. HP: 22/22 MP: 2/2
   371 | D:1      | Reached skill level 3 in Axes
   646 | D:1      | Found a shimmering altar of Xom.
   933 | D:1      | Gained mutation: You are immune to rotting. [demonic
                  | ancestry]
   933 | D:1      | Reached XP level 3. HP: 22/27 MP: 3/3
  1213 | D:2      | Reached skill level 1 in Armour
  1213 | D:2      | Gained mutation: You may emit foul miasma when damaged in
                  | melee. [demonic ancestry]
  1213 | D:2      | Reached XP level 4. HP: 8/34 MP: 4/4
  1467 | D:2      | Found a bloodstained altar of Trog.
  1670 | D:2      | You fall through a shaft for 2 floors!
  1699 | D:4      | Reached skill level 4 in Axes
  1711 | D:4      | Gained mutation: You have large cloven feet. [demonic
                  | ancestry]
  1711 | D:4      | Reached XP level 5. HP: 18/39 MP: 5/5
  1717 | D:4      | HP: 1/39 [orc/+0 trident (6)]
  2045 | D:4      | Found a glowing golden altar of the Shining One.
  2172 | D:4      | Noticed an ogre
  2183 | D:4      | Killed an ogre
  2270 | D:4      | Gained mutation: You sometimes gain a little power by
                  | taking damage. [demonic ancestry]
  2270 | D:4      | Reached XP level 6. HP: 46/46 MP: 1/6
  2289 | D:4      | Noticed a sky beast
  2299 | D:4      | Killed a sky beast
  2299 | D:4      | Reached skill level 5 in Axes
  2325 | D:4      | Found a basalt altar of Yredelemnul.
  2665 | D:4      | Found a sacrificial altar of Ru.
  2672 | D:4      | Became a worshipper of Ru the Awakened
  2783 | D:4      | Gained mutation: Your spells are a little harder to cast,
                  | but a little more powerful. [potion of mutation]
  2783 | D:4      | Gained mutation: You expend magic power (3 MP) to
                  | strengthen your wands. [potion of mutation]
  2783 | D:4      | Gained mutation: You have an increased reservoir of magic.
                  | (+10% MP) [potion of mutation]
  2785 | D:4      | Found an ancient bone altar of Kikubaaqudgha.
  2905 | D:5      | Entered Level 5 of the Dungeon
  2957 | D:4      | Gained mutation: You are mostly covered in icy blue scales.
                  | (AC +3) [demonic ancestry]
  2957 | D:4      | Reached XP level 7. HP: 14/52 MP: 3/7
  3319 | D:5      | Slain by a sky beast

Skill      XL: |  1  2  3  4  5  6  7 |
---------------+----------------------+-----
Axes           | 3 4 5 |  5.9
Dodging        | 3 4 |  4.1
Armour         | 1 2 3 |  3.0
Fighting       | 3 |  3.2
Throwing       | |  1.7

Action                   |  1- 3 |  4- 6 |  7- 9 || total
-------------------------+-------+-------+-------++-------
Melee: War axe           |   108 |   176 |    27 ||   311
  Use: Potion            |     3 |     3 |     1 ||     7
  Eat: Chunk             |     1 |     5 |     1 ||     7
Armor: Ring mail         |    45 |    96 |    19 ||   160
       Leather armour    |     3 |       |       ||     3
Dodge: Dodged            |    87 |   142 |    25 ||   254
